 Dungeon Crawl Stone Soup version 0.18.1-48-g4cf74bf (webtiles) character file.

25 KingGeedorah the Changer (level 2, 0/23 HPs)
             Began as a Draconian Transmuter on July 23, 2016.
             Slain by an adder (2 damage)
             ... on level 2 of the Dungeon.
             The game lasted 00:00:43 (623 turns).

KingGeedorah the Changer (Draconian Transmuter)      Turns: 623, Time: 00:00:44

Health: 0/23       AC:  4    Str: 12    XL:     2   Next: 86%
Magic:  4/5        EV: 12    Int: 13    God:
Gold:   96         SH:  0    Dex: 11    Spells: 1 memorised, 4 levels left

rFire  . . .     SeeInvis .       - Unarmed
rCold  . . .     Gourm    .     (armour unavailable)
rNeg   . . .     Faith    .     (no shield)
rPois  .         Spirit   .     (helmet restricted)
rElec  .         Dismiss  .     (no cloak)
rCorr  .         Reflect  .     (no gloves)
SustAt .         Harm     .     (boots currently unavailable)
MR     .....                    (no amulet)
Stlth  +.........               (no ring)
                                (no ring)

@: appendage, not resistant to hostile enchantments, very unstealthy
A: unfitting armour, talons 3, cold-blooded, AC +4
a: End Transformation


You were on level 2 of the Dungeon.
You were not hungry.
You had grown temporary talons.
You visited 1 branch of the dungeon, and saw 2 of its levels.

You collected 96 gold pieces.

Inventory:

Missiles
 a - 12 arrows
Jewellery
 k - an uncursed amulet of the gourmand {unknown}
Scrolls
 d - a scroll of recharging {unknown}
 f - a scroll of remove curse {unknown}
 h - 2 scrolls of enchant armour {unknown}
 i - a scroll of enchant weapon {unknown}
 j - a scroll of immolation {unknown}
Potions
 e - a potion of curing {unknown}
Books
 b - a book of Changes

   Spells                             Type                      Level
   a - Beastly Appendage              Transmutation                1
   b - Sticks to Snakes               Transmutation                2
   c - Spider Form                    Transmutation/Poison         3
   d - Ice Form                       Ice/Transmutation            4
   e - Blade Hands                    Transmutation                5
Comestibles
 c - 2 bread rations
 g - a beef jerky


   Skills:
 - Level 1.1 Fighting
 - Level 1.7 Dodging
 - Level 3.0 Unarmed Combat
 - Level 2.0 Spellcasting
 + Level 3.4 Transmutations


You had 4 spell levels left.
You knew the following spells:

 Your Spells              Type           Power        Failure   Level  Hunger
a - Beastly Appendage     Trmt           ##....       10%         1    ##.....


Dungeon Overview and Level Annotations

Branches:
Dungeon (2/15)

Altars:
Nemelex Xobeh
Vehumet


Innate Abilities, Weirdness & Mutations

Your plain brown scales are hard (AC +4).
Your body does not fit into most forms of armour.
You are cold-blooded and may be slowed by cold attacks.
You have claws for feet.


Message History

The quokka bites you.
Casting: Beastly Appendage
Confirm with . or Enter, or press ? or * to list all spells.
Your feet morph into talons.
The adder barely misses you.
The quokka bites you but does no damage.
Unknown command.
You miss the quokka.
The quokka is severely wounded.
The adder closely misses you. The quokka bites you.
* * * LOW HITPOINT WARNING * * *
The adder bites you but does no damage.
Unknown command.
You miss the adder. The quokka misses you. The adder bites you.
* * * LOW HITPOINT WARNING * * *
Unknown command.
You miss the adder. The quokka misses you. The adder completely misses you.
Unknown command.
The quokka bites you but does no damage.
The adder bites you.
You die...

#############
#...........#
#.....[......
##########..........
#...........# #....
#...........# #.[#
#...........###r## #
#.............@S.#...#
#...........##....._...
###.....<.....###$.#...#.
.........(....# #.## .##
......######### #.. .#
......#### #... .$
.........#### ####. #
............# .?
............# .#


You could see an adder and a quokka.

Vanquished Creatures
  A dart slug (D:1)
  2 giant geckos
  A goblin (D:2)
  2 hobgoblins (D:2)
  3 jackals (D:1)
  4 kobolds (D:1)
  3 bats
  2 giant newts (D:1)
  3 rats (D:2)
21 creatures vanquished.

Notes
Turn   | Place    | Note
--------------------------------------------------------------
     0 | D:1      | KingGeedorah the Draconian Transmuter began the quest for the Orb.
     0 | D:1      | Reached XP level 1. HP: 16/16 MP: 3/3
   145 | D:1      | Reached XP level 2. HP: 23/23 MP: 5/5
   484 | D:2      | Found a sparkling altar of Nemelex Xobeh.
   612 | D:2      | Found a radiant altar of Vehumet.
   623 | D:2      | Slain by an adder

Skill      XL: |  1  2 |
---------------+-------+-----
Transmutations | 3 |  3.4
Fighting       | |  1.1
Dodging        | |  1.7
Unarmed Combat | |  3.0
Spellcasting   | |  2.0

Action                   || total
-------------------------++-------
Melee: Unarmed           ||    79
       Tailslap          ||     9
       Punch             ||     2
       Kick              ||     1
 Cast: Beastly Appendage ||     2
Armor: Skin              ||    27
Dodge: Dodged            ||    57
